[Event "Titled Tuesday Blitz July 25 Late 2023"]
[White "demon64fields"]
[Black "Jaskolka, Tomasz"]
[BlackFideId "1170791"]
[WhiteElo "2904"]
[BlackElo "2542"]
[Result "1-0"]
[Round "2"]
[TimeControl "180+2"]
[Date "2023.07.25"]
[WhiteClock "0:00:23"]
[BlackClock "0:00:03"]
[Board "32"]

1. e4 d5 2. exd5 Nf6 3. Bb5+ Nbd7 4. d4 a6 5. Be2 Nxd5 6. c4 N5f6 7. Nf3 e6 8. O-O Be7 9. Qc2 b6 10. Rd1 Bb7 11. Nc3 O-O 12. Bf4 Bd6 13. Ne5 Qe7 14. Bg3 Rfd8 15. Rd2 c5 16. Nxd7 Rxd7 17. Rad1 Bxg3 18. hxg3 Rad8 19. dxc5 Qxc5 20. Rxd7 Rxd7 21. Rxd7 Nxd7 22. Qd2 Qc7 23. b4 g6 24. Qd4 Bc6 25. f4 e5 26. Qe3 Qd6 27. a3 Qd4 28. Kf2 Nf6 29. fxe5 Qxc3 30. exf6 Qxf6+ 31. Kg1 Bb7 32. Kh2 Kg7 33. c5 bxc5 34. Qxc5 Qb2 35. Qe3 Bc6 36. g4 h6 37. Kg3 Bb7 38. Bf3 Bxf3 39. gxf3 Qa1 40. Qd3 Qg1+ 41. Kf4 Qh2+ 42. Ke4 Kf6 43. Qxa6+ Kg5 44. Qb5+ f5+ 45. gxf5 Qf4+ 46. Kd5 Qxf5+ 47. Kc6 Qxb5+ 48. Kxb5 h5 49. a4 h4 50. a5 h3 51. a6 h2 52. a7 h1=Q 53. a8=Q Qf1+ 54. Kb6 Qf2+ 55. Kc7 Qc2+ 56. Qc6 Qb3 57. b5 Qf7+ 58. Kb6 Qb3 59. Kb7 Kf4 60. b6 g5 61. Kb8 Qg8+ 62. Ka7 Qa2+ 63. Kb7 Qb3 64. Qf6+ Kg3 65. Qxg5+ Kxf3 66. Qf6+ Ke4 67. Kc7 Qb5 68. Qc6+ Qd5 69. b7 1-0


[Site "https://www.chess.com"]

[Event "Titled Tuesday Blitz July 25 Late 2023"]
[White "Maksimovic, Bojan"]
[Black "Fiorito, Francisco"]
[WhiteFideId "14408120"]
[BlackFideId "180165"]
[WhiteElo "2893"]
[BlackElo "2540"]
[Result "1-0"]
[Round "2"]
[TimeControl "180+2"]
[Date "2023.07.25"]
[WhiteClock "0:00:57"]
[BlackClock "0:00:05"]
[Board "33"]

1. e4 e5 2. Nf3 Nf6 3. Nxe5 d6 4. Nf3 Nxe4 5. d4 d5 6. Bd3 Be7 7. O-O Nc6 8. c3 O-O 9. Nbd2 Nxd2 10. Bxd2 Bg4 11. h3 Bh5 12. Re1 Re8 13. g3 a6 14. Kg2 Bg6 15. Bxg6 hxg6 16. Qb3 Na5 17. Qc2 Nc4 18. h4 Qd7 19. b3 Nd6 20. Bf4 Ne4 21. c4 c6 22. Ne5 Qf5 23. Rac1 Ba3 24. f3 Nd6 25. Qxf5 Nxf5 26. Rcd1 Bb2 27. Be3 f6 28. Ng4 Bc3 29. Re2 Bxd4 30. Kf2 Nxe3 31. Nxe3 Rxe3 32. Rxe3 Bxe3+ 33. Kxe3 Re8+ 34. Kd4 Re5 35. f4 Re2 36. cxd5 cxd5 37. a4 Re7 38. Kc5 Rc7+ 39. Kb6 Rd7 40. Kc5 Rc7+ 41. Kb6 Rc3 42. b4 Rb3 43. Rd4 Ra3 44. a5 Rxg3 45. Kxb7 g5 46. hxg5 fxg5 47. fxg5 Rxg5 48. Kxa6 Re5 49. b5 g5 50. b6 Kf7 51. b7 Re8 52. Rxd5 g4 53. Rg5 Rg8 54. Rxg8 1-0


[Site "https://www.chess.com"]

[Event "Titled Tuesday Blitz July 25 Late 2023"]
[White "Janaszak, Dawid"]
[Black "Grigoriants, Sergey"]
[WhiteFideId "1119206"]
[BlackFideId "4130804"]
[WhiteElo "2540"]
[BlackElo "2892"]
[Result "0-1"]
[Round "2"]
[TimeControl "180+2"]
[Date "2023.07.25"]
[WhiteClock "0:00:06"]
[BlackClock "0:00:10"]
[Board "34"]

1. e4 e6 2. d4 d5 3. Bd3 dxe4 4. Bxe4 Nf6 5. Bf3 Be7 6. Nc3 O-O 7. Nge2 Nbd7 8. Bf4 c6 9. O-O Nd5 10. Bg3 b6 11. Nxd5 cxd5 12. c4 Nf6 13. Rc1 Ba6 14. c5 bxc5 15. dxc5 Qa5 16. Qe1 Qxa2 17. Ra1 Qc4 18. Qa5 Bb7 19. Qc7 Qxc5 20. Qxb7 a5 21. Rfc1 Qb4 22. Rc7 Rfb8 23. Qxb4 Bxb4 24. Nd4 g5 25. Nc6 Rc8 26. Nxb4 axb4 27. Rxc8+ Rxc8 28. h3 h5 29. Ra4 g4 30. hxg4 hxg4 31. Be2 Rc1+ 32. Kh2 Rc2 33. Be5 Rxe2 34. Ra8+ Kg7 35. Bd4 e5 36. Bc5 Kg6 37. Bxb4 Kf5 38. Ba3 d4 39. Rd8 Rxf2 40. Kg3 Rc2 41. b4 Ne4+ 42. Kh2 f6 43. b5 Rc3 44. Be7 Rb3 45. Rb8 Ke6 46. Bf8 d3 47. b6 d2 48. Rd8 Rxb6 49. Bh6 Kf5 50. Bxd2 Nxd2 51. Rxd2 Rb3 52. Rf2+ Kg5 53. Rc2 f5 54. Rc8 f4 55. Re8 Kf5 56. Rf8+ Ke4 57. Rg8 g3+ 58. Kh3 Rb1 59. Re8 Rh1+ 60. Kg4 Rh2 61. Rd8 Rxg2 0-1


[Site "https://www.chess.com"]

[Event "Titled Tuesday Blitz July 25 Late 2023"]
[White "Rodrigue-Lemieux, Shawn"]
[Black "Mordechai, Hanan"]
[WhiteFideId "2620049"]
[BlackFideId "2804166"]
[WhiteElo "2891"]
[BlackElo "2538"]
[Result "1-0"]
[Round "2"]
[TimeControl "180+2"]
[Date "2023.07.25"]
[WhiteClock "0:00:42"]
[BlackClock "0:00:00"]
[Board "35"]

1. e3 g6 2. d3 Bg7 3. Ne2 d5 4. Nd2 c5 5. Nb3 Nc6 6. Ng3 Nf6 7. Bd2 b6 8. Be2 Bb7 9. O-O h5 10. h3 h4 11. Nh1 O-O 12. f4 Rc8 13. Be1 d4 14. e4 c4 15. Nd2 cxd3 16. Bxd3 Nb4 17. Bxh4 Qc7 18. Bxf6 Bxf6 19. Nb3 Nxd3 20. cxd3 Qc2 21. Rf2 Qc7 22. Ng3 Bh4 23. Qg4 Bxg3 24. Qxg3 a5 25. Raf1 a4 26. Nd2 Ba6 27. Rf3 Qc2 28. R1f2 Qd1+ 29. Kh2 Rc1 30. Qg5 Bc8 31. f5 Qh1+ 32. Kg3 Rg1 33. Kh4 Kg7 34. f6+ exf6 35. Qxf6+ Kg8 36. Kg5 Rxg2+ 37. Kh6 Qxh3+ 38. Rxh3 1-0


[Site "https://www.chess.com"]

[Event "Titled Tuesday Blitz July 25 Late 2023"]
[White "Martins, Bruno Andre Leite"]
[Black "Lenderman, Aleksandr"]
[WhiteFideId "1942255"]
[BlackFideId "2021285"]
[WhiteElo "2537"]
[BlackElo "2883"]
[Result "0-1"]
[Round "2"]
[TimeControl "180+2"]
[Date "2023.07.25"]
[WhiteClock "0:00:00"]
[BlackClock "0:00:04"]
[Board "36"]

1. d4 e6 2. e4 d5 3. exd5 exd5 4. Nf3 Nc6 5. Bb5 Bd6 6. c4 dxc4 7. d5 a6 8. Ba4 b5 9. dxc6 bxa4 10. O-O Ne7 11. Nbd2 Nxc6 12. Nxc4 O-O 13. Nxd6 Qxd6 14. Qxd6 cxd6 15. Bf4 Bg4 16. Bxd6 Rfd8 17. Rfd1 Bxf3 18. gxf3 Rd7 19. Rac1 Nd8 20. Ba3 Rxd1+ 21. Rxd1 Ne6 22. Kg2 g5 23. Kg3 Kg7 24. h4 gxh4+ 25. Kxh4 Rc8 26. Rd5 Rc4+ 27. Kg3 Kg6 28. Ra5 h5 29. Be7 Rc2 30. Rxa4 Rxb2 31. Rxa6 Rb1 32. a4 Rg1+ 33. Kh2 Ra1 34. a5 Ra4 35. Ra8 f6 36. Ra6 Kf5 37. Ra8 h4 38. Ra6 Ra2 39. Kh3 Ra4 40. Bd6 Ng5+ 41. Kg2 h3+ 42. Kg3 Ra1 43. Kh4 Rg1 44. Rb6 Rg2 45. a6 h2 46. Bxh2 Rxh2+ 47. Kg3 Rh3+ 48. Kg2 Rh8 49. a7 Ra8 50. Rb7 Ne6 51. Kg3 Nd4 52. Rc7 Ne2+ 53. Kg2 Nf4+ 54. Kg3 Rg8+ 55. Kh2 Rh8+ 56. Kg3 Ne2+ 57. Kg2 Ra8 58. Rd7 Ke6 59. Rb7 Nd4 60. Rb6+ Ke5 61. Rb7 Nc6 62. Rb6 Kd6 63. Ra6 Rxa7 64. Rb6 Rg7+ 65. Kf1 Kd5 66. Rb2 Nd4 67. Rd2 Ke5 68. Rd3 Ra7 69. Re3+ Kf5 70. Rd3 Ne6 71. Rc3 Nf4 72. Kg1 Ne2+ 0-1


[Site "https://www.chess.com"]

[Event "Titled Tuesday Blitz July 25 Late 2023"]
[White "Fressinet, Laurent"]
[Black "Principe, Alexander"]
[WhiteFideId "608742"]
[BlackFideId "3804542"]
[WhiteElo "2882"]
[BlackElo "2536"]
[Result "1-0"]
[Round "2"]
[TimeControl "180+2"]
[Date "2023.07.25"]
[WhiteClock "0:00:52"]
[BlackClock "0:00:16"]
[Board "37"]

1. d4 Nf6 2. Nf3 g6 3. Bg5 Bg7 4. Nbd2 d6 5. c3 O-O 6. e4 c5 7. dxc5 dxc5 8. Bc4 Nc6 9. Qe2 h6 10. Bh4 g5 11. Bg3 Nh5 12. Qe3 b6 13. O-O Nxg3 14. hxg3 Qc7 15. Rfd1 Bb7 16. a4 Rad8 17. Nf1 Ne5 18. Nxe5 Qxe5 19. Bd5 Bxd5 20. exd5 Rxd5 21. Rxd5 Qxd5 22. Qxe7 Qb3 23. Qe2 Rd8 24. Ne3 Qe6 25. Rd1 Rxd1+ 26. Qxd1 Bf6 27. Qd3 h5 28. Qf5 Qxf5 29. Nxf5 Kf8 30. f3 Be5 31. g4 h4 32. Kf2 Ke8 33. Ke3 Kd7 34. Ke4 f6 35. Ne3 Ke6 36. Nd5 Bd6 37. b4 cxb4 38. cxb4 Bh2 39. b5 Bd6 40. Ne3 Bf4 41. Nf5 Be5 42. Ne3 Bh2 43. Nc4 Bc7 44. Na3 Bd6 45. Nc2 Be5 46. Nb4 Kd6 47. Nc6 Bh2 48. Nxa7 Kc5 49. Nc6 Bf4 50. Kf5 1-0


[Site "https://www.chess.com"]

[Event "Titled Tuesday Blitz July 25 Late 2023"]
[White "Rasulov, Vugar"]
[Black "Santos Flores, Alberto"]
[WhiteFideId "13402390"]
[BlackFideId "3601234"]
[WhiteElo "2876"]
[BlackElo "2535"]
[Result "1-0"]
[Round "2"]
[TimeControl "180+2"]
[Date "2023.07.25"]
[WhiteClock "0:00:24"]
[BlackClock "0:00:00"]
[Board "38"]

1. c4 c6 2. d4 d5 3. Nf3 Nf6 4. g3 Bf5 5. Nc3 e6 6. Nh4 Bg6 7. Nxg6 hxg6 8. Qb3 Qb6 9. c5 Qxb3 10. axb3 Na6 11. e4 Nc7 12. Bf4 Kd7 13. e5 Ng8 14. b4 a6 15. Bd3 Nh6 16. Na4 Rb8 17. Kd2 Be7 18. h4 Nf5 19. Nb6+ Ke8 20. Kc3 Bd8 21. g4 Nxh4 22. g5 Nb5+ 23. Bxb5 axb5 24. Rh3 Rh5 25. Rah1 Nf5 26. Rxh5 gxh5 27. Rxh5 Ke7 28. g6 fxg6 29. Rh8 Bc7 30. Bg5+ Kf7 31. Nc8 Nh6 32. Bxh6 gxh6 33. Rh7+ Ke8 34. Rxc7 Kd8 35. Re7 Rxc8 36. Rxe6 Ra8 37. Rxg6 Ra1 38. Rxh6 Rf1 39. Rh8+ Kd7 40. Rh7+ Ke6 41. Rxb7 Rxf2 42. Rc7 Rf3+ 43. Kd2 Rf2+ 44. Kd3 Rxb2 45. Rxc6+ Ke7 46. Kc3 Rb1 47. Rb6 Rc1+ 48. Kd3 Rd1+ 49. Ke3 Re1+ 50. Kd2 Re4 51. Kd3 Re1 52. Rxb5 Rd1+ 53. Ke3 Re1+ 54. Kd2 Rb1 55. Rb6 Kd7 56. b5 Kc7 57. e6 Rb2+ 58. Ke3 Rb1 59. Kf4 Re1 60. Kf5 Re4 61. Rc6+ Kb7 62. Kf6 Rxd4 63. e7 Re4 64. Re6 1-0


[Site "https://www.chess.com"]

[Event "Titled Tuesday Blitz July 25 Late 2023"]
[White "Suder, Jakub"]
[Black "Zhigalko, Sergei"]
[WhiteFideId "1195310"]
[BlackFideId "13502956"]
[WhiteElo "2531"]
[BlackElo "2875"]
[Result "0-1"]
[Round "2"]
[TimeControl "180+2"]
[Date "2023.07.25"]
[WhiteClock "0:00:01"]
[BlackClock "0:00:03"]
[Board "39"]

1. d4 Nf6 2. c4 e6 3. Nc3 Bb4 4. Qb3 c5 5. dxc5 Bxc5 6. Nf3 O-O 7. Bg5 Be7 8. e3 d6 9. Rd1 Nbd7 10. Qc2 b6 11. Be2 Bb7 12. O-O a6 13. h3 Qc7 14. Qd2 Rfd8 15. Bf4 Nc5 16. Bh2 Rac8 17. Rc1 Qb8 18. Nd4 Qa8 19. Bf3 Nfe4 20. Nxe4 Nxe4 21. Qb4 Qa7 22. Rfd1 h6 23. Qa3 Rd7 24. Nb5 Qa8 25. Nd4 d5 26. Qb3 Ng5 27. Qxb6 Bc5 28. Qa5 Bxd4 29. Rxd4 Nxf3+ 30. gxf3 f6 31. Rcd1 e5 32. Rg4 Rcd8 33. c5 d4 34. e4 Bc6 35. Qa3 Kh7 36. f4 Bxe4 37. Rd2 Bf5 38. Rg2 e4 39. Qg3 Qd5 40. b4 Qc4 41. Rd1 Qc2 42. Rf1 d3 43. Qe3 d2 44. c6 Qxc6 45. Rd1 Qc2 46. Qe2 Rc8 47. Kh1 Qxd1+ 48. Qxd1 Rc1 49. Rg1 Rxd1 50. Rxd1 Bxh3 51. f5 Bg4 52. Bf4 Bxd1 0-1


[Site "https://www.chess.com"]

[Event "Titled Tuesday Blitz July 25 Late 2023"]
[White "Bacrot, Etienne"]
[Black "Garakov, Mikhael"]
[WhiteFideId "605506"]
[BlackFideId "4169034"]
[WhiteElo "2873"]
[BlackElo "2529"]
[Result "1-0"]
[Round "2"]
[TimeControl "180+2"]
[Date "2023.07.25"]
[WhiteClock "0:00:03"]
[BlackClock "0:00:00"]
[Board "40"]

1. e4 c5 2. Nf3 e6 3. b3 Nc6 4. Bb2 d6 5. c4 Nf6 6. Nc3 Be7 7. d4 cxd4 8. Nxd4 O-O 9. Be2 a6 10. O-O Bd7 11. f4 Rc8 12. Kh1 Qb6 13. Nf3 Rfd8 14. Qe1 Be8 15. Rd1 Qa7 16. Qg3 Nh5 17. Qg4 Nf6 18. Qh3 Nb4 19. a3 Nc2 20. e5 dxe5 21. fxe5 Nd7 22. Bd3 Nf8 23. Bxc2 Rxd1 24. Nxd1 b5 25. Bd3 Rd8 26. Nf2 Bc5 27. Ng5 h6 28. Nge4 bxc4 29. bxc4 Bc6 30. Bc1 Ng6 31. Bc2 Nxe5 32. Qg3 Ng6 33. Nxc5 Qxc5 34. Bxg6 fxg6 35. Qe3 Qxc4 36. Rg1 Qd5 37. Qe1 Kh7 38. Nh3 Rf8 39. Nf4 Qc4 40. Qg3 g5 41. Qd3+ Qe4 42. Qxe4+ Bxe4 43. Nxe6 Rf2 44. Nc5 Bd5 45. Nxa6 h5 46. h3 g4 47. hxg4 h4 48. Kh2 Kg6 49. Nb4 Be4 50. Be3 Re2 51. Bc1 Bb7 52. Kh3 Re4 53. Kxh4 Bc8 54. Kg3 Rxg4+ 55. Kf2 Rc4 56. Re1 Bb7 57. Bb2 Kf5 58. Re2 Kg4 59. Rd2 Rf4+ 60. Ke3 Re4+ 61. Kf2 Rf4+ 62. Kg1 Be4 63. Be5 Rf5 64. Bxg7 Rg5 65. Bf6 Rg6 66. Be5 Kf5 67. Bd6 Bxg2 68. Rf2+ Ke4 69. Rxg2 Rxd6 70. Re2+ Kf3 71. Rc2 Rd1+ 72. Kh2 Ke3 73. Rc3+ Kd4 74. Rc2 Ra1 75. Ra2 Rxa2+ 76. Nxa2 Kc4 77. a4 Kc5 78. Nc3 Kb4 79. Kg2 Kxc3 80. a5 1-0


[Site "https://www.chess.com"]

[Event "Titled Tuesday Blitz July 25 Late 2023"]
[White "Karamsetty, Jeevan"]
[Black "Dardha, Daniel"]
[WhiteFideId "2025337"]
[BlackFideId "240990"]
[WhiteElo "2529"]
[BlackElo "2870"]
[Result "0-1"]
[Round "2"]
[TimeControl "180+2"]
[Date "2023.07.25"]
[WhiteClock "0:00:02"]
[BlackClock "0:00:56"]
[Board "41"]

1. e4 c6 2. d4 d5 3. exd5 cxd5 4. Bd3 Nf6 5. c3 Bg4 6. Qb3 Qd7 7. h3 Bh5 8. Nd2 Nc6 9. Ngf3 e6 10. O-O Bd6 11. Re1 Qc7 12. Qd1 O-O 13. Nf1 e5 14. dxe5 Nxe5 15. Be2 Bg6 16. Bg5 Ne4 17. Qxd5 Nxg5 18. Nxg5 Rad8 19. Qb3 Bc5 20. Ng3 Nd3 21. Bxd3 Qxg3 22. Bxg6 Qxg5 23. Be4 Rd2 24. Rf1 Qh4 25. Qxb7 Rxf2 26. Kh1 Bd6 27. Rxf2 Qxf2 28. Qd5 Qf4 29. Kg1 Re8 30. Rf1 Qh2+ 31. Kf2 Bg3+ 32. Kf3 Bh4 33. Bxh7+ Kh8 34. Kg4 Qg3+ 35. Kh5 Kxh7 36. Qxf7 Qg5# 0-1


[Site "https://www.chess.com"]

[Event "Titled Tuesday Blitz July 25 Late 2023"]
[White "Nguyen, Ngoc Truong Son"]
[Black "NigelDwarf"]
[WhiteFideId "12401110"]
[WhiteElo "2864"]
[BlackElo "2528"]
[Result "1-0"]
[Round "2"]
[TimeControl "180+2"]
[Date "2023.07.25"]
[WhiteClock "0:00:51"]
[BlackClock "0:00:08"]
[Board "42"]

1. d4 Nf6 2. c4 a6 3. Nc3 c5 4. d5 b5 5. cxb5 axb5 6. Nxb5 Qa5+ 7. Nc3 Ne4 8. Bd2 Nxd2 9. Qxd2 g6 10. e4 Bg7 11. Bd3 O-O 12. Nge2 d6 13. O-O Nd7 14. a4 Ne5 15. Bb5 Qb4 16. Qc2 f5 17. Nf4 fxe4 18. Ne6 Bxe6 19. dxe6 Nd3 20. Nd5 Qxb2 21. Nxe7+ Kh8 22. Qxb2 Bxb2 23. Rad1 Bd4 24. Nd5 Bxf2+ 25. Kh1 Bh4 26. g3 Bg5 27. h4 Nf2+ 28. Rxf2 Rxf2 29. hxg5 e3 30. e7 Re8 31. Re1 e2 32. Rxe2 Rxe2 33. Bxe2 1-0


[Site "https://www.chess.com"]

[Event "Titled Tuesday Blitz July 25 Late 2023"]
[White "Chor, Kevin"]
[Black "Erdogmus, Yagiz Kaan"]
[WhiteFideId "2090740"]
[BlackFideId "44599790"]
[WhiteElo "2527"]
[BlackElo "2864"]
[Result "0-1"]
[Round "2"]
[TimeControl "180+2"]
[Date "2023.07.25"]
[WhiteClock "0:00:04"]
[BlackClock "0:00:44"]
[Board "43"]

1. e4 e6 2. d4 d5 3. Nd2 c5 4. exd5 Qxd5 5. Ngf3 cxd4 6. Bc4 Qd7 7. O-O Nc6 8. Nb3 a6 9. Nbxd4 Nxd4 10. Nxd4 Qc7 11. Bb3 Bd6 12. h3 Ne7 13. c4 O-O 14. Be3 b6 15. Rc1 Bb7 16. Qg4 Ng6 17. Rfd1 Rae8 18. Ba4 Rd8 19. Bg5 Rc8 20. a3 Ne5 21. Qe2 Nxc4 22. b3 b5 23. Nxb5 axb5 24. Bxb5 Qc5 25. Bxc4 Qxg5 26. f3 Qg3 27. Qd3 Bxa3 28. Rc2 Bc5+ 29. Kh1 h6 30. Qe2 Bd6 31. Bxe6 Qh2# 0-1


[Site "https://www.chess.com"]

[Event "Titled Tuesday Blitz July 25 Late 2023"]
[White "Bartel, Mateusz"]
[Black "Attacker_2006"]
[WhiteFideId "1112635"]
[WhiteElo "2852"]
[BlackElo "2522"]
[Result "0-1"]
[Round "2"]
[TimeControl "180+2"]
[Date "2023.07.25"]
[WhiteClock "0:00:10"]
[BlackClock "0:00:48"]
[Board "44"]

1. e4 c5 2. Nf3 d6 3. Bb5+ Bd7 4. a4 Nf6 5. d3 g6 6. O-O Bg7 7. e5 dxe5 8. Nxe5 O-O 9. Nxd7 Nbxd7 10. Nc3 a6 11. Bc4 Qc7 12. Qe2 e6 13. Re1 Nb6 14. Bb3 Nbd5 15. Bd2 Nxc3 16. Bxc3 Nd5 17. Bxg7 Kxg7 18. Qf3 Nf6 19. a5 Rac8 20. Bc4 h5 21. h3 Rfd8 22. c3 Qc6 23. Qg3 Qd6 24. Qg5 Nh7 25. Qe3 Nf6 26. Ra3 Rd7 27. Rb3 Rcd8 28. Rb6 Qc7 29. Qf3 Nd5 30. Bxd5 Rxd5 31. Re3 c4 32. dxc4 Rd1+ 0-1


[Site "https://www.chess.com"]

[Event "Titled Tuesday Blitz July 25 Late 2023"]
[White "Hansen, Eric"]
[Black "Kozusek, Daniel"]
[WhiteFideId "2606771"]
[BlackFideId "349500"]
[WhiteElo "2839"]
[BlackElo "2521"]
[Result "1-0"]
[Round "2"]
[TimeControl "180+2"]
[Date "2023.07.25"]
[WhiteClock "0:00:11"]
[BlackClock "0:00:02"]
[Board "45"]

1. f4 c5 2. e4 g6 3. Nf3 Bg7 4. Bc4 e6 5. Nc3 Ne7 6. a3 d5 7. Ba2 Nbc6 8. d3 O-O 9. O-O b6 10. Qe1 Bb7 11. Qh4 Nd4 12. f5 exf5 13. Bg5 f6 14. Bh6 g5 15. Nxg5 Ng6 16. Qh5 Bxh6 17. exf5 Bxg5 18. fxg6 Qd7 19. Nxd5 Kh8 20. h4 Rae8 21. Rae1 Rxe1 22. Rxe1 Bxd5 23. Bxd5 Bd2 24. Re4 Qg7 25. c3 Nc2 26. Qe2 Ne3 27. Bf7 f5 28. Re6 hxg6 29. Bxg6 Nd5 30. Qxd2 f4 31. h5 Ne3 32. Qf2 Rf6 33. Re8+ Rf8 34. Re4 Qh6 35. Qf3 Qg5 36. Rxe3 Kg7 37. Re4 Kh6 38. d4 cxd4 39. cxd4 Rc8 40. Qxf4 Rc1+ 41. Kh2 1-0


[Site "https://www.chess.com"]

[Event "Titled Tuesday Blitz July 25 Late 2023"]
[White "AyMitecK"]
[Black "Ashraf, Artin"]
[BlackFideId "22514805"]
[WhiteElo "2519"]
[BlackElo "2829"]
[Result "0-1"]
[Round "2"]
[TimeControl "180+2"]
[Date "2023.07.25"]
[WhiteClock "0:00:03"]
[BlackClock "0:00:07"]
[Board "46"]

1. e4 c5 2. Nf3 d6 3. Bb5+ Nd7 4. Ba4 Nf6 5. O-O a6 6. c4 g6 7. Nc3 Bg7 8. d3 O-O 9. h3 b6 10. Bc6 Ra7 11. Bg5 Bb7 12. Bd5 Ne5 13. Bxb7 Rxb7 14. Ne1 b5 15. f4 Nc6 16. Rb1 e6 17. b3 Qa5 18. Qc1 Nh5 19. cxb5 axb5 20. Nd1 Ng3 21. Qc2 Nd4 22. Qf2 Nde2+ 23. Kh2 Bd4 24. Qf3 Nxf1+ 25. Qxf1 Bg1+ 26. Kh1 Ng3+ 27. Kxg1 Nxf1 28. Kxf1 Qxa2 29. Rb2 Qa1 30. Ke2 f6 31. Bh6 Ra8 32. f5 Ra2 33. Rxa2 Qxa2+ 34. Kf1 Qxb3 35. Ne3 gxf5 36. exf5 e5 37. Ng4 Kf7 38. Nf2 b4 39. Ne4 Ke7 40. g4 Qd1 41. g5 fxg5 42. Bxg5+ Kd7 43. f6 Kc6 44. Nf2 Qh5 45. h4 h6 46. Be3 b3 47. Ne4 b2 48. Ng3 Qf7 49. Ne4 b1=Q 50. Bxh6 Qh5 51. Bd2 Qf3+ 52. Nf2 Rb2 53. f7 Rxd2 54. f8=Q Rxf2+ 55. Kg1 Qxe1# 0-1


[Site "https://www.chess.com"]

[Event "Titled Tuesday Blitz July 25 Late 2023"]
[White "Donchenko, Alexander"]
[Black "Kochiev, Ivan"]
[WhiteFideId "24603295"]
[BlackFideId "2917890"]
[WhiteElo "2822"]
[BlackElo "2518"]
[Result "1-0"]
[Round "2"]
[TimeControl "180+2"]
[Date "2023.07.25"]
[WhiteClock "0:00:32"]
[BlackClock "0:00:01"]
[Board "47"]

1. Nf3 Nf6 2. c4 e6 3. g3 b6 4. Bg2 Bb7 5. O-O Be7 6. d4 O-O 7. Re1 c5 8. d5 exd5 9. Ng5 Re8 10. Nc3 d6 11. Nxd5 Nc6 12. b3 h6 13. Nxe7+ Qxe7 14. Nf3 Rad8 15. Bb2 Ne5 16. Qd2 Ne4 17. Qc2 Ng5 18. Nxg5 hxg5 19. Bxb7 Qxb7 20. Rad1 b5 21. cxb5 Qxb5 22. Qf5 f6 23. Rd5 Qa6 24. Qb1 g4 25. Rd2 Re6 26. Red1 Rde8 27. Bxe5 Rxe5 28. e3 R8e6 29. Qd3 Qb7 30. Qc4 Re4 31. Qd5 Qa6 32. Qf5 Kf7 33. Rxd6 Rxd6 34. Rxd6 Qxd6 35. Qxe4 Qd1+ 36. Kg2 a5 37. Qf5 Qe2 38. a4 Qd1 39. Qe4 Kg8 40. Qe6+ Kh8 41. h3 gxh3+ 42. Qxh3+ Kg8 43. Qc8+ Kh7 44. Qxc5 Qd3 45. Qxa5 Qxb3 46. Qh5+ Kg8 47. Qe8+ Kh7 48. Qe4+ Kg8 49. a5 Qb5 50. Qa8+ Kh7 51. a6 1-0


[Site "https://www.chess.com"]

[Event "Titled Tuesday Blitz July 25 Late 2023"]
[White "Deng, Henry"]
[Black "Kushko, Dmitriy"]
[WhiteFideId "30965454"]
[BlackFideId "14162261"]
[WhiteElo "2517"]
[BlackElo "2821"]
[Result "0-1"]
[Round "2"]
[TimeControl "180+2"]
[Date "2023.07.25"]
[WhiteClock "0:00:00"]
[BlackClock "0:00:07"]
[Board "48"]

1. e4 c6 2. d4 d5 3. Nd2 dxe4 4. Nxe4 Nf6 5. Nxf6+ exf6 6. c3 Bd6 7. Bd3 Na6 8. Qc2 Nc7 9. Ne2 h5 10. O-O Kf8 11. Bf4 Nd5 12. Bxd6+ Qxd6 13. h3 g6 14. Qd2 Kg7 15. c4 Ne7 16. Rae1 Bf5 17. Rd1 h4 18. Rfe1 Rad8 19. Bxf5 Nxf5 20. Qd3 Rhe8 21. d5 cxd5 22. cxd5 Qb6 23. Qd2 Re5 24. Nc3 Ne7 25. Rxe5 fxe5 26. Qg5 Qf6 27. Qe3 b6 28. Ne4 Nf5 29. Qc3 Nd4 30. Nxf6 Ne2+ 31. Kf1 Nxc3 32. Nh5+ Kh6 33. bxc3 Kxh5 34. Ke2 Kg5 35. c4 f5 36. Kd3 Kf4 37. Re1 g5 38. a4 g4 39. Re3 e4+ 40. Kd4 g3 41. f3 exf3 42. Rxf3+ Kg5 43. Re3 f4 44. Re5+ Kf6 45. Re4 Kf5 46. Re5+ Kg6 47. Ke4 Rf8 48. Re6+ Kg5 49. Kf3 Rc8 50. Re4 Rf8 51. Rd4 a5 52. d6 Rc8 53. Rxf4 Rd8 54. Rd4 Kf5 55. Rd5+ Ke6 56. Ke4 Rxd6 57. Rh5 Rd2 58. Rh6+ Kd7 59. Rxh4 Rxg2 60. Kf3 Ra2 61. Rh6 Kc7 62. Rh7+ Kc6 63. Rh6+ Kc5 64. Rh5+ Kxc4 65. Rh4+ Kb3 66. Kxg3 Rxa4 67. Rh6 b5 68. Rb6 b4 69. h4 Ra1 70. Kg2 Ra2+ 71. Kg1 Rd2 72. h5 Rd7 73. h6 a4 74. Kf2 a3 75. Ke2 a2 76. Ra6 Kb2 77. Ke3 b3 0-1


[Site "https://www.chess.com"]

[Event "Titled Tuesday Blitz July 25 Late 2023"]
[White "Talibov, Shiroghlan"]
[Black "Rizzo, Tobias"]
[WhiteFideId "13429078"]
[BlackFideId "30942691"]
[WhiteElo "2808"]
[BlackElo "2517"]
[Result "1-0"]
[Round "2"]
[TimeControl "180+2"]
[Date "2023.07.25"]
[WhiteClock "0:01:25"]
[BlackClock "0:01:37"]
[Board "49"]

1. d4 Nf6 2. c4 b6 3. Nc3 Bb7 4. a3 e6 5. Bg5 Be7 6. Nf3 h6 7. Bh4 d6 8. e3 g5 9. Bg3 Ne4 10. Nxe4 Bxe4 11. h4 g4 12. Nd2 Bb7 13. Qxg4 Nd7 14. Bd3 Nf6 15. Qe2 Bxg2 16. Rg1 Bb7 17. e4 h5 18. O-O-O Nd7 19. d5 e5 20. Nf3 Bf6 21. Bc2 Qe7 22. Ba4 O-O-O 23. b4 a5 24. Kc2 Nb8 25. Rb1 c6 26. bxa5 bxa5 27. Rgc1 Rd7 28. Qd2 Qd8 29. dxc6 Nxc6 30. Rxb7 Kxb7 31. Rb1+ Kc7 32. Bxc6 Kxc6 33. Qd5+ 1-0


[Site "https://www.chess.com"]

[Event "Titled Tuesday Blitz July 25 Late 2023"]
[White "Terletsky, Oleg"]
[Black "Khanin, Semen"]
[WhiteFideId "14116774"]
[BlackFideId "4111990"]
[WhiteElo "2516"]
[BlackElo "2806"]
[Result "0-1"]
[Round "2"]
[TimeControl "180+2"]
[Date "2023.07.25"]
[WhiteClock "0:01:14"]
[BlackClock "0:01:43"]
[Board "50"]

1. e4 c5 2. Nf3 d6 3. d4 cxd4 4. Nxd4 Nf6 5. Nc3 a6 6. Bc4 e6 7. O-O Qc7 8. Bb3 Nbd7 9. f4 Nc5 10. f5 Be7 11. fxe6 fxe6 12. Bg5 O-O 13. Nf5 Nxb3 14. Nxe7+ Qxe7 15. axb3 h6 16. Bxf6 gxf6 17. Qd2 Kh7 18. Rad1 Rd8 19. Rf3 Bd7 20. Rh3 Qg7 21. Rg3 Qf8 22. Rf1 Bc6 23. Qd3 Rd7 24. Rxf6 Qxf6 0-1


[Site "https://www.chess.com"]

[Event "Titled Tuesday Blitz July 25 Late 2023"]
[White "Leitao, Rafael"]
[Black "Van Foreest, Machteld"]
[WhiteFideId "2101246"]
[BlackFideId "1051563"]
[WhiteElo "2795"]
[BlackElo "2515"]
[Result "1-0"]
[Round "2"]
[TimeControl "180+2"]
[Date "2023.07.25"]
[WhiteClock "0:00:48"]
[BlackClock "0:00:02"]
[Board "51"]

1. c4 e5 2. Nc3 f5 3. d4 d6 4. g3 Nf6 5. Bg2 Nc6 6. Bxc6+ bxc6 7. dxe5 dxe5 8. Qxd8+ Kxd8 9. Nf3 e4 10. Ne5 Ke8 11. Nxc6 Bc5 12. Nb5 Bb7 13. Na5 Bb4+ 14. Bd2 Bxd2+ 15. Kxd2 e3+ 16. Kxe3 Ng4+ 17. Kf4 Bxh1 18. Rxh1 Kf7 19. f3 Nh6 20. Nc6 Kf6 21. h4 Rhe8 22. e4 Rac8 23. e5+ Ke6 24. Nbd4+ Kd7 25. Rd1 Nf7 26. Nxa7 Ra8 27. Ndc6+ Ke6 28. Nb5 h6 29. Nxc7# 1-0


[Site "https://www.chess.com"]

[Event "Titled Tuesday Blitz July 25 Late 2023"]
[White "NLLO777"]
[Black "Fiorito, Joaquin"]
[BlackFideId "180173"]
[WhiteElo "2515"]
[BlackElo "2795"]
[Result "0-1"]
[Round "2"]
[TimeControl "180+2"]
[Date "2023.07.25"]
[WhiteClock "0:00:05"]
[BlackClock "0:00:19"]
[Board "52"]

1. d4 Nf6 2. c4 e6 3. Nf3 d5 4. g3 Bb4+ 5. Bd2 a5 6. Bg2 O-O 7. O-O dxc4 8. Qc2 Bxd2 9. Qxd2 b5 10. a4 c6 11. Ne5 Ra6 12. Na3 Nfd7 13. Nxc6 Rxc6 14. Bxc6 Nxc6 15. axb5 Na7 16. Nxc4 Nxb5 17. Rxa5 Nc7 18. b4 Nf6 19. Rb1 Bb7 20. Ne3 Ncd5 21. Nxd5 Nxd5 22. b5 Qb6 23. e3 Nf6 24. Qb4 h5 25. Rba1 Bf3 26. Qc5 Qb7 27. b6 Qe4 28. Qe5 Qc2 29. R5a2 Qb3 30. Qc5 Rb8 31. Ra6 Ne4 32. Qc7 Rf8 33. b7 Ng5 34. Ra8 Nh3+ 35. Kf1 Qd3+ 36. Ke1 Qe2# 0-1


[Site "https://www.chess.com"]